 Dungeon Crawl Stone Soup version 0.28.0-53-g5a82cb258f (webtiles) character file.

Game seed: 6477821438811066692

9 Descartes the Ducker (level 2, 0/12 HPs)
             Began as a Felid Wanderer on June 14, 2022.
             Slain by a quokka (5 damage)
             ... on level 1 of the Dungeon.
             The game lasted 00:01:04 (995 turns).

Descartes the Ducker (Felid Wanderer)                Turns: 995, Time: 00:01:04

Health: 0/12       AC:  1    Str:  8    XL:     2   Next: 6%
Magic:  7/7        EV: 18    Int: 14    God:
Gold:   0          SH:  0    Dex: 14    Spells: 6/7 levels left
                                        Lives:  0   Deaths: 0

rFire   . . .      SeeInvis +   (weapon unavailable)
rCold   . . .      Faith    .   (shield unavailable)
rNeg    . . .      Spirit   .   (armour unavailable)
rPois   .          Reflect  .   (helmet unavailable)
rElec   .          Harm     .   (cloak unavailable)
rCorr   .          Rampage  .   (gloves unavailable)
Will    .....                   (boots unavailable)
Stlth   ++........              (no amulet)
HPRegen 0.04/turn               (no ring)
MPRegen 0.10/turn               (no ring)

@: quick
A: very small, claws 1, fangs 3, see invisible, speed 1, shaggy fur 1, stealthy
paws, no weapons or thrown items, no armour, multi-lived
a: no special abilities


You were on level 1 of the Dungeon.
You visited 1 branch of the dungeon, and saw 1 of its levels.

Inventory:

Scrolls
 b - a scroll of silence {unknown}
 c - a scroll of immolation {unknown}
 d - a scroll of identify {unknown}
Potions
 a - a potion of curing


   Skills:
 - Level 1.0 Fighting
 + Level 4.2 Dodging
 + Level 1.4 Stealth
 + Level 0.8 Unarmed Combat
 - Level 3.0 Spellcasting
 - Level 3.0 Translocations
 - Level 1.0 Invocations


You had 6 spell levels left.
You knew the following spells:

 Your Spells              Type           Power      Damage    Failure   Level
a - Apportation           Tloc           20%        N/A       6%          1

Your spell library contained the following spells:

 Spells                   Type           Power      Damage    Failure   Level
 Gell's Gravitas          Tloc           10%        N/A       19%         3
 Teleport Other           Tloc           10%        N/A       19%         3


Dungeon Overview and Level Annotations

Branches:
Dungeon (1/15)

Altars:


Innate Abilities, Weirdness & Mutations

You have sharp claws.
You have razor-sharp teeth.
You have supernaturally acute eyesight. (SInv)
You cover ground quickly. (Speed+)
You are covered in fur. (AC +1)
Your paws help you pounce on unaware monsters.
You are incapable of wielding weapons or throwing items.
You cannot wear armour.
You gain extra lives every three experience levels.


Message History

No target in view!
A quokka is nearby!
You scratch the quokka.
The quokka is lightly wounded.
The quokka bites you.
You barely miss the quokka.
The quokka is lightly wounded.
The quokka misses you.
You scratch the quokka but do no damage.
The quokka is lightly wounded.
The quokka barely misses you.
You barely miss the quokka.
The quokka is lightly wounded.
The quokka barely misses you.
You scratch the quokka.
The quokka is moderately wounded.
The quokka bites you.
You are too injured to fight recklessly!
You are too injured to fight recklessly!
You are too injured to fight recklessly!
You are too injured to fight recklessly!
You are too injured to fight recklessly!
You are too injured to fight recklessly!
You are too injured to fight recklessly!
You are too injured to fight recklessly!
You are too injured to fight recklessly!
You are too injured to fight recklessly!
You are too injured to fight recklessly!
You are too injured to fight recklessly!
You are too injured to fight recklessly!
You are too injured to fight recklessly!
You are too injured to fight recklessly!
You are too injured to fight recklessly!
You are too injured to fight recklessly!
You are too injured to fight recklessly!
Unknown command.
You scratch the quokka but do no damage.
The quokka is moderately wounded.
The quokka bites you.
You die...

#.......# ..
#.####..#
#....(..
#.####..#
#......
#.......#
#.....
######.##
#....
####.####...
#.(.....#l.
#.##.##.#r# #
#.##.#@####.#
#.............
####.#.#..#.##
#†#.#..# ..#..
...
######.....
#.#### .. ##


You could see a quokka and a frilled lizard.

Vanquished Creatures
  An endoplasm (D:1)
  A giant cockroach (D:1)
  2 hobgoblins (D:1)
  A quokka (D:1)
  A ball python (D:1)
  2 goblins (D:1)
8 creatures vanquished.

Notes
Turn   | Place    | Note
-------+----------+-------------------------------------------
     0 | D:1      | Descartes the Felid Wanderer began the quest for the Orb.
     0 | D:1      | Descartes set off with the following items: a potion of
                  | curing; and the following spell memorised: Apportation; and
                  | the following spells available to memorise: Gell's
                  | Gravitas, Teleport Other
     0 | D:1      | Reached XP level 1. HP: 9/9 MP: 5/5
     3 | D:1      | Noticed an electric eel
     4 | D:1      | Noticed an electric eel
   159 | D:1      | Reached skill level 1 in Stealth
   984 | D:1      | Reached XP level 2. HP: 11/12 MP: 7/7
   995 | D:1      | Slain by a quokka

Illustrated notes

Levels and vault maps discovered:
D:1:      arrival_aquarium_b, layout_loops_cross

Skill      XL: |  1 |
---------------+----+-----
Stealth        | 1 |  1.4
Fighting       | |  1.0
Dodging        | |  4.2
Unarmed Combat | |  0.8
Spellcasting   | |  3.0
Translocations | |  3.0
Invocations    | |  1.0

Action                   || total
-------------------------++-------
Melee: Unarmed           ||    48
       Bite              ||     5
       Punch             ||     1
Dodge: Dodged            ||    36
